 Dungeon Crawl Stone Soup version 0.23.2-11-gf996548 (webtiles) character file.

Game seed: 3576714881727953657

296 Fang the Skirmisher (level 6, 0/39 HPs)
             Began as a Gargoyle Berserker on June 6, 2019.
             Was a Priest of Trog.
             Slain by a worm (5 damage)
             ... on level 4 of the Dungeon.
             The game lasted 00:02:26 (2863 turns).

Fang the Skirmisher (Gargoyle Berserker)            Turns: 2863, Time: 00:02:27

Health: 0/39       AC:  6    Str: 22    XL:     6   Next: 35%
Magic:  6/6        EV: 12    Int:  8    God:    Trog [***...]
Gold:   147        SH:  0    Dex:  9    Spells: 5/5 levels left

rFire    . . .     SeeInvis .   a - +0 hand axe
rCold    . . .     Gourm    .   (no shield)
rNeg     + . .     Faith    .   b - +0 animal skin
rPois    ∞         Spirit   .   (no helmet)
rElec    +         Reflect  .   (no cloak)
rCorr    .         Harm     .   (no gloves)
MR       .....                  (no boots)
Stlth    +.........             (no amulet)
HPRegen  0.13/turn              (no ring)
MPRegen  0.10/turn              (no ring)

@: no status effects
A: negative energy resistance 1, electricity resistance, unbreathing,
petrification resistance, rot immunity, AC +4
a: Berserk, Trog's Hand, Renounce Religion


You were on level 4 of the Dungeon.
You worshipped Trog.
Trog was most pleased with you.
You were not hungry.

You visited 1 branch of the dungeon, and saw 4 of its levels.

You collected 147 gold pieces.

Inventory:

Hand Weapons
 a - a +0 hand axe (weapon)
Armour
 b - a +0 animal skin (worn)
Scrolls
 d - a scroll of amnesia {unknown}
 e - 2 scrolls of teleportation {unknown}
 g - 4 scrolls of identify {unknown}
 h - a scroll of enchant armour {unknown}
 k - a scroll of immolation {unknown}
 l - a scroll of remove curse {unknown}
 n - a scroll of fear {unknown}
 o - a scroll of fog {unknown}
 p - a scroll of noise {unknown}
 u - a scroll of blinking {unknown}
Potions
 f - a potion of resistance {unknown}
 i - 4 potions of might {unknown}
 j - a potion of brilliance {unknown}
 m - a potion of curing
 q - a potion of agility {unknown}
 r - a potion of berserk rage {unknown}
 s - 2 potions of lignification {unknown}
 t - a potion of heal wounds {unknown}
Comestibles
 c - 7 rations
 v - a chunk of flesh


   Skills:
 + Level 4.7 Fighting
 + Level 3.9 Axes
 + Level 4.0 Armour
 + Level 2.9 Dodging


You had 5 spell levels left.
You didn't know any spells.
Your spell library was empty.

Dungeon Overview and Level Annotations

Branches:
Dungeon (4/15)
 Temple: D:4-7

Altars:
Fedhas
Kikubaaqudgha
Qazlal

Annotations:
D:3 exclusion: oklob plant


Innate Abilities, Weirdness & Mutations

You are resistant to torment.
Your stone body is resilient. (AC +4)
You are immune to poison.
You resist negative energy. (rN+)
You are resistant to electric shocks. (rElec)
You can survive without breathing.
You are immune to petrification.
You are immune to rotting.


Message History

The worm is severely wounded.
You hit the plant but do no damage. x2; The worm barely misses you.
You hit the worm but do no damage.
The worm is severely wounded.
You hit the plant. x2; The worm bites you!
* * * LOW HITPOINT WARNING * * *
You hit the worm.
The worm is severely wounded.
You slash the plant! You hit the plant but do no damage.
You hit the worm but do no damage.
The worm is severely wounded.
You hit the plant but do no damage. x2; The worm bites you.
* * * LOW HITPOINT WARNING * * *
You hit the worm but do no damage.
The worm is severely wounded.
You hit the plant but do no damage. x2
You completely miss the worm.
The worm is severely wounded.
You hit the plant but do no damage. You hit the plant. The worm bites you.
You die...

#### ###.# ...# ........#
...# ........ ...## # #......
...≈♣≈≈♣ ####≈ ♣.....
..P≈≈≈P≈ ≈≈≈≈♣♣♣≈#.###.# .#
.≈≈PP≈≈≈♣♣♣♣≈P≈≈♣P...#.#...
.≈≈≈≈≈≈P≈P≈≈≈≈≈P≈≈≈..♣≈#...
................@w...P≈≈###
.♣≈≈P≈≈P≈≈≈≈≈≈≈≈P≈≈.≈≈≈P♣..
..P≈≈≈≈≈≈P≈P≈≈≈P≈≈≈.≈≈≈≈≈♣#
...♣≈≈≈≈≈♣≈♣≈≈≈P≈P≈.P≈≈≈≈≈♣##
####♣♣♣♣
###≈♣♣♣≈≈≈.≈≈≈≈≈≈≈≈## ##≈
♣♣≈≈.≈≈≈≈≈≈≈≈P # ♣≈≈.≈≈≈≈≈≈≈♣
♣♣P≈.≈≈≈≈≈≈P♣ ♣≈≈≈.≈≈≈≈≈♣♣


You could see a worm.

Vanquished Creatures
  A hound (D:3)
  Terence (D:3)
  An iguana (D:4)
  A worker ant (D:4)
  6 adders (D:2)
  4 gnolls (D:2)
  2 oozes
  2 worms
  6 dart slugs
  2 leopard geckos
  3 orcs (D:3)
  11 bats
  A bat zombie (D:3)
  6 giant cockroaches
  8 goblins
  7 hobgoblins
  A jackal (D:1)
  A quokka (D:2)
  2 frilled lizards
  5 kobolds
  5 rats
  2 rat zombies (D:3)
78 creatures vanquished.

Notes
Turn   | Place    | Note
-------+----------+-------------------------------------------
     0 | D:1      | Fang the Gargoyle Berserker began the quest for the Orb.
     0 | D:1      | Reached XP level 1. HP: 14/14 MP: 1/1
    54 | D:1      | Reached XP level 2. HP: 4/19 MP: 2/2
   512 | D:1      | Reached XP level 3. HP: 19/23 MP: 3/3
   717 | D:1      | Reached ** piety under Trog
   774 | D:2      | Reached XP level 4. HP: 29/29 MP: 4/4
   977 | D:2      | Reached XP level 5. HP: 21/33 MP: 5/5
  1347 | D:2      | Found a stormy altar of Qazlal.
  1349 | D:2      | Noticed an air elemental
  1350 | D:2      | Noticed a water elemental
  1350 | D:2      | Noticed a fire elemental
  1380 | D:2      | Reached *** piety under Trog
  2108 | D:3      | Noticed Terence
  2128 | D:3      | Killed Terence
  2128 | D:3      | Reached XP level 6. HP: 24/39 MP: 6/6
  2148 | D:3      | Found a blossoming altar of Fedhas.
  2163 | D:3      | Noticed an oklob plant
  2276 | D:3      | Found an ancient bone altar of Kikubaaqudgha.
  2863 | D:4      | Slain by a worm

Skill      XL: |  1  2  3  4  5  6 |
---------------+-------------------+-----
Axes           | 3 |  3.9
Dodging        | 2 |  2.9
Armour         | 3 4 |  4.0
Fighting       | 4 |  4.7

Action                   |  1- 3 |  4- 6 || total
-------------------------+-------+-------++-------
Melee: Hand axe          |    61 |   239 ||   300
Invok: Berserk           |     1 |     1 ||     2
  Eat: Chunk             |       |     9 ||     9
Armor: Animal skin       |    17 |    77 ||    94
Dodge: Dodged            |    36 |   177 ||   213
